[Event "Team 45 45 League T95"]
[Site "Internet Chess Club"]
[Date "2023.01.19"]
[Round "2"]
[White "vollmerj"]
[Black "xingon"]
[Result "1-0"]
[WhiteElo "1538"]
[BlackElo "1304"]
[Opening "Réti opening"]
[ECO "A05"]
[Time "12:45:41"]
[PlyCount "43"]
[TimeControl "2700+45"]

1. Nf3 Nf6 2. g3 d5 3. Bg2 Be6 4. b3 Qd7 5. Bb2 Nc6 6. O-O Bh3 7. d3 O-O-O 8.
Nbd2 Bxg2 9. Kxg2 h5 10. h4 e6 11. e4 Ng4 12. exd5 Qxd5 13. Ne4 f6 14. Qe2 e5
15. Nc3 Qd7 16. a4 a5 17. Nb5 Kb8 18. Rad1 Na7 19. Nxa7 Kxa7 20. d4 exd4 21.
Bxd4+ Kb8 22. Ba7+ {Black resigns} 1-0

[Event "Team 45 45 League T95"]
[Site "Internet Chess Club"]
[Date "2023.01.21"]
[Round "2"]
[White "pandaknight"]
[Black "smsxman"]
[Result "1-0"]
[WhiteElo "1186"]
[BlackElo "1324"]
[Opening "English opening"]
[ECO "A10"]
[Time "22:00:04"]
[PlyCount "123"]
[TimeControl "2700+45"]

1. c4 d5 2. cxd5 Qxd5 3. Nc3 Qd8 4. Nf3 e6 5. e4 c5 6. d4 cxd4 7. Qxd4 Bd7 8.
Bf4 Nc6 9. Qe3 Nb4 10. Rc1 Nf6 11. a3 Ng4 12. Qd2 Nc6 13. Nb5 e5 14. Nxe5 Ngxe5
15. Bxe5 Nxe5 16. Nc7+ Ke7 17. Nxa8 Qxa8 18. f4 Nc6 19. Rd1 Qd8 20. Bb5 Bg4 21.
Qxd8+ Nxd8 22. Rd3 a6 23. Bc4 Bd7 24. Kf2 g6 25. Rhd1 Bg4 26. R1d2 Nc6 27. h3
Bc8 28. g4 Bg7 29. b4 Rd8 30. Rxd8 Nxd8 31. e5 f5 32. g5 h6 33. h4 hxg5 34. hxg5
Bd7 35. Rd6 Ne6 36. Ke3 Bf8 37. Rb6 Bc6 38. a4 Nc7 39. b5 Bd5 40. Kd4 Bxc4 41.
Kxc4 axb5+ 42. axb5 Ne6 43. Rxb7+ Kd8 44. Kd5 Nxf4+ 45. Kc6 Ne6 46. b6 Kc8 47.
Rd7 Kb8 48. Rb7+ Kc8 49. Ra7 Nd8+ 50. Kd5 Kb8 51. Rd7 Kc8 52. e6 Bb4 53. Rg7 f4
54. e7 Bxe7 55. Rxe7 f3 56. Re3 Kb7 57. Rxf3 Kxb6 58. Rf6+ Kc7 59. Rxg6 Nb7 60.
Rg7+ Kc8 61. Rxb7 Kxb7 62. g6 {Black resigns} 1-0

[Event "Team 45 45 League T95"]
[Site "Internet Chess Club"]
[Date "2023.01.20"]
[Round "2"]
[White "Lawkeito"]
[Black "elmaestro"]
[Result "1-0"]
[WhiteElo "1639"]
[BlackElo "1606"]
[Opening "Dutch defense, Rubinstein variation"]
[ECO "A84"]
[Time "20:14:24"]
[PlyCount "75"]
[TimeControl "2700+45"]

1. d4 f5 2. c4 e6 3. Nc3 Nf6 4. Bg5 Be7 5. g3 O-O 6. Bg2 d6 7. Qc2 c6 8. Nf3
Nbd7 9. O-O Qe8 10. Rfe1 h6 11. Bd2 Nb6 12. b3 Qh5 13. Rad1 g5 14. Bc1 g4 15.
Nd2 e5 16. Nf1 Nbd7 17. e4 exd4 18. Rxd4 Ne5 19. Qe2 c5 20. Rdd1 Nf3+ 21. Bxf3
gxf3 22. Qe3 f4 23. Qd3 fxg3 24. Nxg3 Qh4 25. Qxf3 Ng4 26. Nf5 Qxh2+ 27. Kf1 Qh5
28. Qxg4+ Qxg4 29. Nxh6+ Kh7 30. Nxg4 Bxg4 31. Rd3 Rxf2+ 32. Kxf2 Bh4+ 33. Kg2
Bxe1 34. Bd2 Bh4 35. Rxd6 Rf8 36. Rh6+ Kg7 37. Rxh4 Bf3+ 38. Kg3 {Black resigns}
1-0

[Event "Team 45 45 League T95"]
[Site "Internet Chess Club"]
[Date "2023.01.21"]
[Round "2"]
[White "burlap"]
[Black "manfredo"]
[Result "1-0"]
[WhiteElo "1270"]
[BlackElo "1498"]
[Opening "Ruy Lopez: open, Bernstein variation"]
[ECO "C80"]
[Time "16:01:16"]
[PlyCount "51"]
[TimeControl "2700+45"]

1. e4 e5 2. Nf3 Nc6 3. Bb5 a6 4. Ba4 Nf6 5. O-O Nxe4 6. d4 b5 7. Bb3 d5 8. dxe5
Be6 9. Nbd2 Nc5 10. Qe2 Nxb3 11. Nxb3 Be7 12. Rd1 O-O 13. Kf1 d4 14. Qe4 Bd5 15.
Qf4 Bxf3 16. Qxf3 Nxe5 17. Qe2 Nc6 18. Re1 Bf6 19. Nc5 Re8 20. Qxe8+ Qxe8 21.
Rxe8+ Rxe8 22. Nxa6 Be5 23. Nc5 Nb4 24. Bd2 Nxc2 25. Rc1 Nb4 26. Bxb4 {Black
resigns} 1-0

[Event "Team 45 45 League T95"]
[Site "Internet Chess Club"]
[Date "2023.01.21"]
[Round "2"]
[White "fvafier"]
[Black "jcule"]
[Result "0-1"]
[WhiteElo "1511"]
[BlackElo "1354"]
[Opening "Queen's pawn game, Darooha variation "]
[ECO "D02"]
[Time "15:02:54"]
[PlyCount "154"]
[TimeControl "2700+45"]

1. d4 d5 2. Nf3 Nf6 3. c4 e6 4. e3 c5 5. b3 cxd4 6. exd4 dxc4 7. bxc4 Bb4+ 8.
Nbd2 Bc3 9. Rb1 Bxd4 10. Nxd4 Qxd4 11. Bb2 Qf4 12. g3 Qf5 13. Bg2 Nc6 14. Ba3
Qa5 15. Rb3 Nd4 16. Rd3 Qe5+ 17. Re3 Qf5 18. Rc3 Qe5+ 19. Kf1 Qa5 20. Rd3 Bd7
21. Rxd4 Qxa3 22. Nb1 Qa6 23. Bf3 Ba4 24. Qd2 O-O 25. Nc3 Bc6 26. Qd3 Bxf3 27.
Qxf3 Rfd8 28. Qd3 Rxd4 29. Qxd4 Qc6 30. Rg1 h6 31. Ke2 Rc8 32. Nb5 Qxc4+ 33.
Qxc4 Rxc4 34. Nxa7 Ra4 35. Nb5 Rxa2+ 36. Kf3 Rb2 37. Nd4 Nd5 38. Ra1 Rb4 39. Ne2
f5 40. Ra8+ Kf7 41. Rd8 b5 42. Rd7+ Kf6 43. Rb7 Rb3+ 44. Kg2 b4 45. h4 Rb2 46.
Nd4 Rd2 47. Nf3 Rc2 48. Kf1 Rc6 49. Nd2 Rb6 50. Ra7 b3 51. Ke1 b2 52. Nb1 Rc6
53. Ke2 Rc1 54. Na3 b1=Q 55. Nxb1 Rxb1 56. Ra3 Rb4 57. Rd3 h5 58. Ra3 g5 59.
hxg5+ Kxg5 60. Ra6 Rb6 61. Ra3 Rb4 62. Rf3 Re4+ 63. Kf1 h4 64. gxh4+ Kxh4 65.
Rd3 Rf4 66. Ra3 Kg4 67. Rg3+ Kh4 68. Rd3 Kg5 69. Rg3+ Kf6 70. Rd3 Rb4 71. Ra3 f4
72. Rf3 e5 73. Rd3 Rd4 74. Ra3 e4 75. Ra8 f3 76. Rf8+ Ke7 77. Rf5 Rd1# {White
checkmated} 0-1

[Event "Team 45 45 League T95"]
[Site "Internet Chess Club"]
[Date "2023.01.20"]
[Round "2"]
[White "Fulmar"]
[Black "Denis240964"]
[Result "0-1"]
[WhiteElo "1275"]
[BlackElo "1347"]
[Opening "Ruy Lopez: Wormald (Alapin) attack"]
[ECO "C77"]
[Time "13:03:56"]
[PlyCount "90"]
[TimeControl "2700+45"]

1. e4 e5 2. Nf3 Nc6 3. Bb5 a6 4. Ba4 Nf6 5. Qe2 b5 6. Bb3 Be7 7. c3 d6 8. h3 O-O
9. d4 exd4 10. cxd4 Na5 11. Bc2 c5 12. d5 c4 13. O-O Nb7 14. Be3 Ne8 15. Nbd2 f5
16. Rfe1 fxe4 17. Nxe4 Nf6 18. Rad1 Nxe4 19. Bxe4 Bf5 20. Qc2 Bxe4 21. Qxe4 Bf6
22. Qb1 Rc8 23. Bd2 Nc5 24. Bc3 Nd3 25. Bxf6 Rxf6 26. Re4 Qb6 27. Qc2 Rcf8 28.
Qe2 Nf4 29. Qf1 Nxh3+ 30. gxh3 Rxf3 31. Re2 Qd8 32. Qg2 R3f5 33. Kh2 Qh4 34. Qg3
Qxg3+ 35. fxg3 Rf2+ 36. Rxf2 Rxf2+ 37. Kg1 Rxb2 38. Rf1 Rxa2 39. Rf2 Ra1+ 40.
Kg2 c3 41. Kf3 b4 42. Ke3 b3 43. Kd3 c2 44. Re2 c1=Q 45. Re8+ Kf7 {White
resigns} 0-1

[Event "Team 45 45 League T95"]
[Site "Internet Chess Club"]
[Date "2023.01.20"]
[Round "2"]
[White "room-matt"]
[Black "primerpaso"]
[Result "0-1"]
[WhiteElo "1812"]
[BlackElo "1794"]
[Opening "Richter-Veresov attack"]
[ECO "D01"]
[Time "14:11:09"]
[PlyCount "82"]
[TimeControl "2700+45"]

1. d4 Nf6 2. Nc3 d5 3. Bg5 Nbd7 4. Nf3 g6 5. e3 Bg7 6. Bd3 O-O 7. O-O c5 8. Re1
b6 9. Ne5 Nxe5 10. dxe5 Ng4 11. Be2 Nxe5 12. Qxd5 Qxd5 13. Nxd5 e6 14. Nf6+ Kh8
15. f4 Nd7 16. Bf3 Rb8 17. Nxd7 Bxd7 18. Rad1 Bb5 19. c3 f6 20. Bh4 h6 21. Rd6
g5 22. Bg3 e5 23. b3 Rfd8 24. Red1 Rxd6 25. Rxd6 Kg8 26. fxe5 fxe5 27. c4 Be8
28. Bd5+ Kf8 29. Re6 Bd7 30. Bxe5 Bxe5 31. Rxe5 Re8 32. Rxe8+ Kxe8 33. e4 Ke7
34. e5 Bf5 35. Kf2 a5 36. Kf3 Bb1 37. a3 Bc2 38. Kg4 Bxb3 39. Kh5 b5 40. Bc6 b4
41. axb4 cxb4 {White resigns} 0-1

[Event "Team 45 45 League T95"]
[Site "Internet Chess Club"]
[Date "2023.01.21"]
[Round "2"]
[White "ElValero"]
[Black "Packerfan"]
[Result "0-1"]
[WhiteElo "1690"]
[BlackElo "1735"]
[Opening "English opening"]
[ECO "A05"]
[Time "10:00:36"]
[PlyCount "68"]
[TimeControl "2700+45"]

1. Nf3 Nf6 2. c4 g6 3. g3 Bg7 4. Bg2 O-O 5. O-O c5 6. d4 cxd4 7. Nxd4 Nc6 8. Nc3
Nxd4 9. Qxd4 d6 10. Rd1 a6 11. c5 Nd7 12. Qh4 Nxc5 13. Bg5 Re8 14. Nd5 Bf8 15.
b4 Ne6 16. Be3 Bd7 17. Bb6 Qc8 18. Bh3 Rb8 19. Ba7 Ra8 20. Nb6 Qc2 21. Nxa8 Rxa8
22. Be3 Qxe2 23. a4 Bc6 24. Bg2 Bxg2 25. Kxg2 Qc2 26. b5 axb5 27. axb5 Rxa1 28.
Rxa1 Qb2 29. Ra8 Qxb5 30. Qxe7 Qd5+ 31. f3 b5 32. Rxf8+ Nxf8 33. Bh6 Qa2+ 34.
Kh3 Qe6+ {White resigns} 0-1

[Event "Team 45 45 League T95"]
[Site "Internet Chess Club"]
[Date "2023.01.23"]
[Round "2"]
[White "RD1974"]
[Black "Portola"]
[Result "0-1"]
[WhiteElo "1586"]
[BlackElo "1733"]
[Opening "Catalan: closed, 5.Nf3"]
[ECO "E06"]
[Time "18:00:40"]
[PlyCount "132"]
[TimeControl "2700+45"]

1. d4 d5 2. c4 e6 3. Nf3 Nf6 4. g3 Be7 5. Bg2 c6 6. O-O O-O 7. Nc3 Nbd7 8. Bf4
b6 9. cxd5 exd5 10. Qa4 Bb7 11. Rfe1 a6 12. Rac1 c5 13. Ne5 b5 14. Qb3 c4 15.
Qc2 Nb6 16. e4 dxe4 17. Nxe4 Bd5 18. Nc6 Bxc6 19. Nxf6+ Bxf6 20. Bxc6 Ra7 21.
Be4 g6 22. Be5 Bg7 23. Rcd1 f6 24. Bf4 Nd5 25. Bxd5+ Qxd5 26. Qc3 g5 27. Bc1 Rd7
28. Qa5 Ra8 29. Qb6 Kf7 30. Qc5 Rad8 31. Qb6 Ra8 32. Bd2 Bf8 33. f3 Qxd4+ 34.
Qxd4 Rxd4 35. Bc3 Rd3 36. Rxd3 cxd3 37. Rd1 Rd8 38. Kf1 Bc5 39. Ke1 b4 40. Bd2
Re8+ 41. Kf1 Re2 42. Be1 Rxh2 43. Rxd3 Rxb2 44. Rd7+ Kg6 45. Rc7 Bd4 46. Rc4 Bc3
47. Bxc3 bxc3 48. Rxc3 Rxa2 49. f4 gxf4 50. gxf4 Kf5 51. Rc6 a5 52. Rc7 Kg6 53.
Ra7 h6 54. Ra6 Kf5 55. Kg1 h5 56. Kh1 h4 57. Rc6 h3 58. Ra6 a4 59. Rc6 a3 60.
Ra6 Kg4 61. Rxf6 Rd2 62. Rg6+ Kxf4 63. Rg1 a2 64. Ra1 Ke3 65. Re1+ Kd3 66. Rf1
Kc2 {White resigns} 0-1

[Event "Team 45 45 League T95"]
[Site "Internet Chess Club"]
[Date "2023.01.23"]
[Round "2"]
[White "QuieroAprender"]
[Black "vollmerj"]
[Result "1/2-1/2"]
[WhiteElo "1586"]
[BlackElo "1540"]
[Opening "King's Indian: London system"]
[ECO "A45"]
[Time "19:00:43"]
[PlyCount "34"]
[TimeControl "2700+45"]

1. d4 Nf6 2. Bf4 g6 3. Nf3 Bg7 4. e3 b6 5. Nbd2 Bb7 6. Be2 O-O 7. c3 d6 8. h3
Nbd7 9. Bg5 e5 10. dxe5 Nxe5 11. Qc2 Nxf3+ 12. Bxf3 Bxf3 13. Nxf3 Qd7 14. O-O-O
Qe6 15. Kb1 Qe4 16. Bxf6 Qxc2+ 17. Kxc2 Bxf6 {Game drawn by mutual agreement}
1/2-1/2

[Event "Team 45 45 League T95"]
[Site "Internet Chess Club"]
[Date "2023.01.22"]
[Round "2"]
[White "fileman"]
[Black "bobhill"]
[Result "1-0"]
[WhiteElo "1762"]
[BlackElo "1800"]
[Opening "Sicilian"]
[ECO "B50"]
[Time "15:07:29"]
[PlyCount "141"]
[TimeControl "2700+45"]

1. e4 c5 2. Nf3 d6 3. Be2 Nf6 4. e5 dxe5 5. Nxe5 Nbd7 6. Nxd7 Bxd7 7. O-O Bc6 8.
Bf3 Bxf3 9. Qxf3 Qc7 10. d3 e6 11. Nc3 a6 12. Bg5 Be7 13. Rfe1 O-O 14. Rad1 b5
15. Ne4 Nxe4 16. Bxe7 Qxe7 17. Rxe4 Rad8 18. Rde1 Rd4 19. Re5 c4 20. dxc4 Rxc4
21. c3 Rd8 22. h3 g6 23. g3 Rc5 24. R1e2 Rxe5 25. Rxe5 Qd6 26. Re1 Qd2 27. Re2
Qc1+ 28. Kg2 Rd1 29. Qa8+ Kg7 30. Qxa6 Rg1+ 31. Kf3 Qg5 32. Qd6 Qh5+ 33. Ke3
Qxh3 34. Qe5+ Kg8 35. Qxb5 Qh6+ 36. Kd3 Rd1+ 37. Kc4 Qh1 38. Kb4 Qf3 39. a4 Rd5
40. Qc4 Rd8 41. a5 Rb8+ 42. Ka4 Qh1 43. b4 Qd1+ 44. Ka3 Rd8 45. a6 Qc1+ 46. Ka4
Qd1+ 47. Ka5 Rd5+ 48. b5 Qc1 49. Ra2 Qb1 50. a7 Rxb5+ 51. Qxb5 Qxa2+ 52. Kb6
Qxf2+ 53. Kb7 Qxg3 54. a8=Q+ Kg7 55. Qc8 h5 56. Qbc5 Qg2+ 57. Kc7 Qg3+ 58. Kb6
h4 59. Q8f8+ Kf6 60. Qce7+ Ke5 61. Qd6+ Ke4 62. Qd4+ Kf3 63. Qxf7+ Kg2 64. Qd2+
Kg1 65. Qd1+ Kh2 66. Qe2+ Qg2 67. Qfxe6 h3 68. Q6e5+ Kh1 69. Qe1+ Qg1+ 70. Qxg1+
Kxg1 71. Qg3+ {Black resigns} 1-0

[Event "Team 45 45 League T95"]
[Site "Internet Chess Club"]
[Date "2023.01.20"]
[Round "2"]
[White "Beetlejuice"]
[Black "MrAbendroth"]
[Result "1-0"]
[WhiteElo "1733"]
[BlackElo "1652"]
[Opening "English: Bremen system, Keres variation"]
[ECO "A23"]
[Time "14:01:12"]
[PlyCount "59"]
[TimeControl "2700+45"]

1. c4 e5 2. Nc3 Nf6 3. g3 c6 4. Nf3 e4 5. Nd4 Bc5 6. Nb3 Bxf2+ 7. Kxf2 Ng4+ 8.
Kg1 d5 9. cxd5 cxd5 10. e3 O-O 11. d3 Qf6 12. Qc2 Ne5 13. Nxd5 Nf3+ 14. Kf2 Qh6
15. dxe4 Ne5 16. Be2 Nbc6 17. Nd4 Bh3 18. Bd2 Rac8 19. Bc3 Kh8 20. Rac1 f5 21.
Nxf5 g6 22. Bxe5+ Nxe5 23. Qxc8 gxf5 24. Qc3 fxe4+ 25. Nf4 Qf6 26. Qd4 Kg8 27.
Rhd1 Be6 28. Kg2 Qf5 29. Rc5 Nc6 30. Rxf5 {Black resigns} 1-0

[Event "Team 45 45 League T95"]
[Site "Internet Chess Club"]
[Date "2023.01.21"]
[Round "2"]
[White "LoseOften"]
[Black "discipulo"]
[Result "0-1"]
[WhiteElo "1550"]
[BlackElo "1728"]
[Opening "French: Rubinstein variation"]
[ECO "C10"]
[Time "04:03:11"]
[PlyCount "50"]
[TimeControl "2700+45"]

1. e4 e6 2. d4 d5 3. Nc3 dxe4 4. Nxe4 Nd7 5. Nf3 Ngf6 6. Bd3 c5 7. Be3 Nxe4 8.
Bxe4 Nf6 9. Bd3 cxd4 10. Bxd4 Be7 11. O-O O-O 12. c4 b6 13. Qc2 h6 14. Be4 Nxe4
15. Qxe4 Rb8 16. Be5 Rb7 17. Rad1 Rd7 18. Rxd7 Qxd7 19. Qg4 f6 20. Bc3 e5 21.
Qe4 Bb7 22. Qg6 Bxf3 23. gxf3 Rd8 24. Kh1 Qd3 25. Qg4 Qxf1+ {White resigns} 0-1

[Event "Team 45 45 League T95"]
[Site "Internet Chess Club"]
[Date "2023.01.23"]
[Round "2"]
[White "ivanson"]
[Black "Egmont"]
[Result "1/2-1/2"]
[WhiteElo "1590"]
[BlackElo "1580"]
[Opening "French: Tarrasch, open variation"]
[ECO "C07"]
[Time "13:00:29"]
[PlyCount "52"]
[TimeControl "2700+45"]

1. e4 e6 2. d4 d5 3. Nd2 c5 4. exd5 Qxd5 5. Ngf3 cxd4 6. Bc4 Qd6 7. O-O Nf6 8.
Nb3 Nc6 9. Nbxd4 Nxd4 10. Nxd4 a6 11. Re1 Be7 12. Be3 Qc7 13. Bb3 O-O 14. Qe2 e5
15. Nf3 Bg4 16. h3 Bh5 17. g4 Bg6 18. Bg5 h6 19. Bh4 e4 20. Nd4 Qe5 21. Rad1
Rad8 22. c3 Bd6 23. Bg3 Qc5 24. Bxd6 Rxd6 25. Nc2 Rfd8 26. Ne3 Re8 {Game drawn
by mutual agreement} 1/2-1/2

[Event "Team 45 45 League T95"]
[Site "Internet Chess Club"]
[Date "2023.01.21"]
[Round "2"]
[White "Megasus"]
[Black "trogers41"]
[Result "1-0"]
[WhiteElo "1448"]
[BlackElo "1355"]
[Opening "Queen's pawn: Yusupov-Rubinstein system"]
[ECO "A46"]
[Time "13:00:39"]
[PlyCount "57"]
[TimeControl "2700+45"]

1. Nf3 Nf6 2. d4 e6 3. e3 b6 4. Nbd2 Bb7 5. a3 d5 6. b3 Nbd7 7. Bb2 c5 8. c4 Be7
9. Bd3 Ne4 10. Qc2 Ndf6 11. h3 O-O 12. O-O h6 13. Ne5 Nxd2 14. Qxd2 cxd4 15.
exd4 dxc4 16. bxc4 Rc8 17. Rac1 Nd7 18. Ng4 h5 19. Ne3 Bg5 20. f4 Bh6 21. Qe2 g6
22. Qe1 Nf6 23. Qh4 Bg7 24. f5 exf5 25. Nxf5 gxf5 26. Bxf5 Rc7 27. Qg5 Ne4 28.
Qxh5 Qg5 29. Qh7# {Black checkmated} 1-0

[Event "Team 45 45 League T95"]
[Site "Internet Chess Club"]
[Date "2023.01.21"]
[Round "2"]
[White "Fulmar"]
[Black "ChessG2011"]
[Result "0-1"]
[WhiteElo "1263"]
[BlackElo "1384"]
[Opening "Ruy Lopez: Wormald (Alapin) attack"]
[ECO "C77"]
[Time "18:32:36"]
[PlyCount "66"]
[TimeControl "2700+45"]

1. e4 e5 2. Nf3 Nc6 3. Bb5 a6 4. Ba4 Nf6 5. Qe2 b5 6. Bb3 Bc5 7. c3 d6 8. d3 h6
9. a4 Rb8 10. h3 O-O 11. Qd1 Be6 12. Nbd2 Ne7 13. O-O Ng6 14. d4 exd4 15. cxd4
Bb4 16. d5 Bd7 17. Qc2 Bxd2 18. Bxd2 Qc8 19. Kh2 Re8 20. Rfe1 Ne5 21. Nd4 c5 22.
dxc6 Nxc6 23. Nxc6 Qxc6 24. Qxc6 Bxc6 25. f3 d5 26. e5 bxa4 27. exf6 Rxb3 28.
fxg7 Rxb2 29. Rxe8+ Bxe8 30. Bxh6 Kh7 31. Re1 Rb8 32. Re7 a3 33. Ra7 f6 {White
forfeits on time} 0-1

[Event "Team 45 45 League T95"]
[Site "Internet Chess Club"]
[Date "2023.01.21"]
[Round "2"]
[White "Pawnchain"]
[Black "Reykjaviking"]
[Result "1-0"]
[WhiteElo "1444"]
[BlackElo "1292"]
[Opening "Sicilian: closed"]
[ECO "B23"]
[Time "13:01:04"]
[PlyCount "37"]
[TimeControl "2700+45"]

1. e4 c5 2. Nc3 b6 3. Nf3 Bb7 4. d3 e6 5. Bf4 d6 6. Be2 Nf6 7. O-O a6 8. e5 Nd5
9. Nxd5 Bxd5 10. exd6 Bxd6 11. Bxd6 Qxd6 12. Re1 h6 13. Bf1 f6 14. c4 Bb7 15.
Nh4 O-O 16. Qe2 e5 17. Nf5 Qe6 18. Qg4 Bc8 19. Qxg7# {Black checkmated} 1-0

[Event "Team 45 45 League T95"]
[Site "Internet Chess Club"]
[Date "2023.01.23"]
[Round "2"]
[White "woofgang"]
[Black "Toalla"]
[Result "0-1"]
[WhiteElo "1132"]
[BlackElo "1176"]
[Opening "Sicilian: Najdorf, Opocensky variation"]
[ECO "B92"]
[Time "12:01:21"]
[PlyCount "54"]
[TimeControl "2700+45"]

1. e4 c5 2. Nf3 d6 3. d4 cxd4 4. Nxd4 Nf6 5. Nc3 a6 6. Be2 e5 7. Nf3 Nc6 8. O-O
Be7 9. h3 O-O 10. Be3 Re8 11. Nd5 Nxe4 12. c4 f5 13. Bd3 Nc5 14. Be2 f4 15. Bd2
Be6 16. Nxe7+ Qxe7 17. a3 Ne4 18. Bc1 Rad8 19. Qc2 Bf5 20. Bd3 Nd4 21. Nxd4 exd4
22. Re1 d5 23. f3 Qh4 24. Re2 Ng3 25. Rxe8+ Rxe8 26. Qd2 g5 27. Bxf5 Nxf5 {White
resigns} 0-1

[Event "Team 45 45 League T95"]
[Site "Internet Chess Club"]
[Date "2023.01.22"]
[Round "2"]
[White "BlueStorm"]
[Black "sdcohle"]
[Result "1/2-1/2"]
[WhiteElo "1564"]
[BlackElo "1307"]
[Opening "Queen's pawn, Mason variation"]
[ECO "D00"]
[Time "13:05:12"]
[PlyCount "106"]
[TimeControl "2700+45"]

1. d4 d5 2. Bf4 Nf6 3. e3 e6 4. h3 c5 5. c3 b6 6. a4 Nc6 7. Nd2 Bd6 8. Bxd6 Qxd6
9. Ngf3 Bb7 10. Bd3 O-O 11. O-O Rfe8 12. e4 dxe4 13. Nxe4 Nxe4 14. Bxe4 Rad8 15.
Qc2 h6 16. Rad1 cxd4 17. Nxd4 Nxd4 18. Rxd4 Qc7 19. Rfd1 Bxe4 20. Qxe4 Rxd4 21.
Qxd4 Re7 22. Qd8+ Qxd8 23. Rxd8+ Kh7 24. Kf1 e5 25. Ke2 f6 26. b4 Rc7 27. Kd3
Kg6 28. c4 Kf7 29. Kc3 Ke7 30. Rd2 Rc6 31. Rd5 Rd6 32. Rxd6 Kxd6 33. Kd3 f5 34.
g3 g5 35. f3 h5 36. g4 hxg4 37. hxg4 e4+ 38. Ke3 exf3 39. gxf5 Ke5 40. Kxf3 Kxf5
41. a5 bxa5 42. bxa5 Ke5 43. Kg4 Kd4 44. Kxg5 Kxc4 45. Kf4 Kb5 46. a6 Kxa6 47.
Ke3 Kb5 48. Kd2 Kb4 49. Kc2 a5 50. Kb2 a4 51. Ka1 Kb3 52. Kb1 a3 53. Ka1 a2
{White stalemated} 1/2-1/2

[Event "Team 45 45 League T95"]
[Site "Internet Chess Club"]
[Date "2023.01.22"]
[Round "2"]
[White "Tjet"]
[Black "BrerRabbit"]
[Result "0-1"]
[WhiteElo "1233"]
[BlackElo "1351"]
[Opening "Queen's pawn game"]
[ECO "D02"]
[Time "19:03:53"]
[PlyCount "96"]
[TimeControl "2700+45"]

1. Nf3 d5 2. d4 c6 3. g3 Nf6 4. Bg2 Bf5 5. O-O h6 6. c3 e6 7. b3 Bd6 8. Ba3 O-O
9. Bxd6 Qxd6 10. Nbd2 Nbd7 11. Nh4 Bh7 12. Re1 Qc7 13. c4 Rac8 14. c5 b6 15. b4
bxc5 16. bxc5 Rb8 17. e4 g5 18. e5 gxh4 19. exf6 Nxf6 20. g4 Qf4 21. Nb3 Qxg4
22. Qxg4+ Nxg4 23. h3 Nf6 24. Kh2 Rb4 25. Rg1 Kh8 26. Bf3 Rg8 27. Rxg8+ Nxg8 28.
Bh5 Bg6 29. Bxg6 fxg6 30. Rg1 Kh7 31. Rg4 g5 32. f4 Nf6 33. Rg2 Ne4 34. fxg5
hxg5 35. Nd2 Nxd2 36. Rxd2 Kg6 37. Kg2 a5 38. Kf3 a4 39. Ke3 Rb1 40. Rf2 Rh1 41.
Rf3 Rh2 42. a3 Ra2 43. Rf8 Rxa3+ 44. Kd2 Rxh3 45. Re8 Kf5 46. Rf8+ Kg4 47. Re8
a3 48. Rxe6 a2 {White resigns} 0-1

[Event "Team 45 45 League T95"]
[Site "Internet Chess Club"]
[Date "2023.01.23"]
[Round "2"]
[White "smsxman"]
[Black "seattleblues"]
[Result "0-1"]
[WhiteElo "1338"]
[BlackElo "1240"]
[Opening "Caro-Kann defense"]
[ECO "B10"]
[Time "21:00:43"]
[PlyCount "102"]
[TimeControl "2700+45"]

1. e4 c6 2. Nf3 d5 3. exd5 cxd5 4. d4 Nf6 5. Nc3 Bg4 6. Be2 e6 7. Bg5 h6 8. Bh4
Be7 9. Bg3 Qb6 10. Nb5 Na6 11. a4 O-O 12. O-O Ne4 13. Ne5 Bxe2 14. Qxe2 Nxg3 15.
fxg3 Nb8 16. c3 a6 17. a5 Qxb5 18. Qxb5 axb5 19. b4 Bf6 20. Nf3 Nd7 21. Nd2 b6
22. Nb3 bxa5 23. Nxa5 Nb6 24. Nb7 Rxa1 25. Rxa1 Na4 26. Rc1 Rc8 27. Nc5 Bg5 28.
Rc2 Be7 29. Rc1 Nxc5 30. bxc5 Bxc5 31. dxc5 Rxc5 32. Rb1 Kf8 33. Kf2 Ke7 34. Ke3
Rxc3+ 35. Kd4 Rc4+ 36. Kd3 b4 37. Ra1 Kf6 38. Rf1+ Ke7 39. Rf4 b3 40. Rf2 f5 41.
Rb2 Rb4 42. Kc3 Rb8 43. h3 Kd6 44. Kd4 e5+ 45. Kc3 d4+ 46. Kc4 Rc8+ 47. Kxb3
Rb8+ 48. Kc2 Rxb2+ 49. Kxb2 e4 50. Kc2 Kd5 51. Kd2 Kc4 {White resigns} 0-1

[Event "Team 45 45 League T95"]
[Site "Internet Chess Club"]
[Date "2023.01.20"]
[Round "2"]
[White "dwmt"]
[Black "stantheman59"]
[Result "0-1"]
[WhiteElo "1119"]
[BlackElo "1190"]
[Opening "Queen's pawn game"]
[ECO "D02"]
[Time "19:02:54"]
[PlyCount "58"]
[TimeControl "2700+45"]

1. Nf3 d5 2. d4 Bg4 3. Nbd2 Nf6 4. h3 Bd7 5. e3 a6 6. Be2 e6 7. O-O Bd6 8. c4
O-O 9. c5 Be7 10. Ne5 Bb5 11. Bxb5 axb5 12. Nef3 Nc6 13. a3 b4 14. Qb3 Ra6 15.
a4 Qa8 16. Re1 Qa7 17. Qc2 Ra8 18. b3 b6 19. cxb6 Rxb6 20. Bb2 Na5 21. Rec1 Rc6
22. Qd1 Rxc1 23. Qxc1 h6 24. Ne5 Qb7 25. Qc2 Bd6 26. Ndf3 Rc8 27. Rc1 c5 28.
dxc5 Rxc5 29. Qd2 Nxb3 {White resigns} 0-1

[Event "Team 45 45 League T95"]
[Site "Internet Chess Club"]
[Date "2023.01.21"]
[Round "2"]
[White "Gojira"]
[Black "scostanzo212"]
[Result "1-0"]
[WhiteElo "1586"]
[BlackElo "1541"]
[Opening "Queen's pawn: Chigorin variation"]
[ECO "D00"]
[Time "14:01:01"]
[PlyCount "119"]
[TimeControl "2700+45"]

1. d4 d5 2. Nc3 Nf6 3. Bf4 c5 4. e4 a6 5. dxc5 d4 6. e5 dxc3 7. Qxd8+ Kxd8 8.
exf6 cxb2 9. Rb1 exf6 10. Rxb2 Bxc5 11. Bxb8 Rxb8 12. Bxa6 b6 13. Bc4 Be6 14.
Bb3 Ke7 15. Ne2 Rhd8 16. Nf4 Rd4 17. Nd3 Ba3 18. Rb1 Rc8 19. Ke2 Bxb3 20. cxb3
Rc2+ 21. Ke3 Rd6 22. Ra1 Rc3 23. Rhd1 Bc5+ 24. Ke2 Rc2+ 25. Kf3 Rc3 26. Ke2 Rc2+
27. Kf3 Ba3 28. Ne1 Rcd2 29. Rxd2 Rxd2 30. Ke3 Rb2 31. Nd3 Rc2 32. h3 Kd6 33.
Rd1 Ke7 34. Rd2 Rxd2 35. Kxd2 Bd6 36. Kc3 Kd7 37. a4 Kc6 38. Kc4 f5 39. Nb4+ Kb7
40. Kb5 g5 41. f3 f4 42. Nd5 Bc5 43. a5 h5 44. Nf6 Bd4 45. a6+ Ka7 46. Nd5 g4
47. Ne7 gxh3 48. gxh3 Bc5 49. Nc8+ Kb8 50. Nxb6 Be3 51. b4 h4 52. Nd7+ Kc7 53.
Nc5 Kb8 54. Kb6 Ka8 55. b5 f5 56. Kc6 Ka7 57. b6+ Ka8 58. b7+ Ka7 59. Nd7 Kxa6
60. b8=Q {Black resigns} 1-0

[Event "Team 45 45 League T95"]
[Site "Internet Chess Club"]
[Date "2023.01.21"]
[Round "2"]
[White "Signofthetimes"]
[Black "BlueStorm"]
[Result "1-0"]
[WhiteElo "1584"]
[BlackElo "1575"]
[Opening "Caro-Kann defense"]
[ECO "B10"]
[Time "19:01:00"]
[PlyCount "41"]
[TimeControl "2700+45"]

1. e4 c6 2. Nf3 d5 3. exd5 cxd5 4. d4 Bf5 5. Bd3 Bg6 6. Bxg6 hxg6 7. Bg5 Qc7 8.
c3 Nd7 9. Qe2 e6 10. Nbd2 Be7 11. g3 Bxg5 12. Nxg5 Nf8 13. O-O O-O-O 14. Rfe1
Re8 15. Rac1 Qe7 16. Ngf3 Nh6 17. c4 Kb8 18. cxd5 Nf5 19. dxe6 Qxe6 20. Qb5 Nxd4
21. Qxe8+ {Black resigns} 1-0

[Event "Team 45 45 League T95"]
[Site "Internet Chess Club"]
[Date "2023.01.19"]
[Round "2"]
[White "Rookmaster"]
[Black "tightfist"]
[Result "1-0"]
[WhiteElo "1589"]
[BlackElo "1354"]
[Opening "Torre attack (Tartakower variation)"]
[ECO "D03"]
[Time "21:01:18"]
[PlyCount "63"]
[TimeControl "2700+45"]

1. d4 Nf6 2. Nf3 d5 3. Bg5 Nbd7 4. e3 e5 5. dxe5 h6 6. Bh4 g5 7. Bg3 Ne4 8. Qxd5
Nxg3 9. hxg3 Bg7 10. Nc3 c6 11. Qd6 Bf8 12. Qd4 Bg7 13. O-O-O O-O 14. Qd6 Re8
15. Rxh6 Bxh6 16. Qxh6 Re6 17. Qh5 f6 18. Bc4 Qe7 19. Rh1 Nf8 20. Qh8+ Kf7 21.
Ne4 b5 22. Nxf6 Qb7 23. Qg8+ Ke7 24. Qg7+ Kd8 25. Qxf8+ Kc7 26. Rh7+ Kb6 27.
Rxb7+ Bxb7 28. Qxa8 bxc4 29. Qd8+ Ka6 30. a4 c5 31. Nd7 Rc6 32. Nb8# {Black
checkmated} 1-0